 Dungeon Crawl Stone Soup version 0.21.0-25-ge575cb9 (webtiles) character file.

865 dobroeutro the Slasher (level 7, -2/52 HPs)
             Began as a Demonspawn Fighter on Jan 26, 2018.
             Slain by tidbits's ghost (3 damage)
             ... on level 5 of the Dungeon.
             The game lasted 00:04:06 (3618 turns).

dobroeutro the Slasher (Demonspawn Fighter)         Turns: 3618, Time: 00:04:06

Health: -2/52      AC:  8    Str: 18    XL:     7   Next: 72%
Magic:  7/7        EV: 11    Int:  9    God:
Gold:   185        SH:  9    Dex: 13    Spells: 6/6 levels left

rFire    x . .     SeeInvis .   a - +0 long sword
rCold    + . .     Gourm    .   c - +0 shield
rNeg     . . .     Faith    .   b - +0 scale mail
rPois    .         Spirit   .   (no helmet)
rElec    .         Reflect  .   (no cloak)
rCorr    .         Harm     .   (no gloves)
MR       .....                  o - +1 pair of boots
Stlth    ..........             (no amulet)
HPRegen  0.17/turn              l - ring of ice
MPRegen  0.10/turn              (no ring)

@: repel missiles
A: claws 1, repulsion field 3, spiny 1, rot immunity
a: no special abilities


You were on level 5 of the Dungeon.
You were hungry.

You visited 1 branch of the dungeon, and saw 5 of its levels.

You collected 185 gold pieces.

Inventory:

Hand Weapons
 a - a +0 long sword (weapon)
Armour
 b - a +0 scale mail (worn)
 c - a +0 shield (worn)
 o - a +1 pair of boots (worn)
Jewellery
 l - a ring of ice (left claw)
Wands
 m - a wand of polymorph (15)
Scrolls
 d - a scroll of remove curse
 j - a scroll of immolation {unknown}
 n - 2 scrolls of identify {unknown}
Potions
 e - a potion of heal wounds {unknown}
 g - 2 potions of mutation {unknown}
 h - 2 potions of brilliance {unknown}
 i - a potion of haste {unknown}
 k - a potion of ambrosia {unknown}
 p - a potion of degeneration {unknown}
 q - a potion of invisibility {unknown}
Comestibles
 f - 9 rations


   Skills:
 + Level 3.4 Fighting
 + Level 7.7 Long Blades
 + Level 3.0 Armour
 + Level 1.1 Dodging
 + Level 3.0 Shields


You had 6 spell levels left.
You didn't know any spells.

Dungeon Overview and Level Annotations

Branches:
Dungeon (5/15)
 Temple: D:4-7

Altars:
Cheibriados
Dithmenos
Elyvilon
Fedhas
Gozag
Okawaru
Uskayaw
Xom
Zin

Shops:
D:4 *

Annotations:
D:5 tidbits's ghost, amateur GnWn


Innate Abilities, Weirdness & Mutations

You have sharp fingernails.
You are surrounded by a strong repulsion field. (EV +4, RMsl)
You are partially covered in sharp spines.
You are immune to rotting.


Message History

Tidbits's ghost is moderately damaged.
Tidbits's ghost closely misses you.
You closely miss tidbits's ghost.
Tidbits's ghost is moderately damaged.
Tidbits's ghost is struck by your spines.
Tidbits's ghost hits you! You block tidbits's ghost's attack.
You hit tidbits's ghost.
Tidbits's ghost is heavily damaged.
Tidbits's ghost is struck by your spines.
Tidbits's ghost hits you.
* * * LOW HITPOINT WARNING * * *
You hit tidbits's ghost but do no damage.
Tidbits's ghost is heavily damaged.
Tidbits's ghost is struck by your spines.
Tidbits's ghost hits you!
* * * LOW HITPOINT WARNING * * *
Your scale mail prevents you from hitting tidbits's ghost.
Tidbits's ghost is heavily damaged.
Tidbits's ghost hits you.
You die...

###########
#########..)).....#######
#...........)/r.........#
#.###.###.#†#####........
#####.###.###.#.#####..####.#
..........##....##....%..#
####...........##.##..#.#
#..###......@W.<...#.# #..#
#.####.##.##..# # #.## #.#
#.##.##..# #.# .# #. ...)....
##.## .. .. .....####
####...###. ## .##..#
#........... #. ..#
#.##...###.# ..# #.###.####.


You could see tidbits's ghost.

Vanquished Creatures
  Eustachio (D:4)
  The ghost of SedStubbie the Digger, an amateur OpEE (D:4)
  A black bear (D:2)
  An ogre (D:4)
  2 hounds
  2 orc wizards
  A jelly (D:5)
  A bullfrog skeleton (D:5)
  A centaur skeleton (D:5)
  4 worker ants
  A hound skeleton (D:4)
  2 adders (D:2)
  4 worms
  6 dart slugs
  A leopard gecko (D:5)
  9 orcs
  A ball python (D:3)
  3 giant cockroaches
  5 goblins
  2 hobgoblins
  4 jackals (D:5)
  4 quokkas
  4 bats
  3 frilled lizards
  7 kobolds
  20 rats
91 creatures vanquished.

Notes
Turn   | Place    | Note
-------+----------+-------------------------------------------
     0 | D:1      | dobroeutro the Demonspawn Fighter began the quest for the Orb.
     0 | D:1      | Reached XP level 1. HP: 18/18 MP: 1/1
    17 | D:1      | Reached skill level 2 in Long Blades
    30 | D:1      | Gained mutation: You are partially covered in sharp spines. [demonic ancestry]
    30 | D:1      | Reached XP level 2. HP: 13/24 MP: 2/2
   245 | D:1      | Reached skill level 3 in Long Blades
   482 | D:2      | Found a blossoming altar of Fedhas.
   497 | D:2      | Found a snail-covered altar of Cheibriados.
   502 | D:2      | Gained mutation: You are immune to rotting. [demonic ancestry]
   502 | D:2      | Reached XP level 3. HP: 29/29 MP: 3/3
   566 | D:2      | Found a shadowy altar of Dithmenos.
  1025 | D:2      | Gained mutation: You have sharp fingernails. [demonic ancestry]
  1025 | D:2      | Reached XP level 4. HP: 34/35 MP: 4/4
  1090 | D:2      | Reached skill level 4 in Long Blades
  1345 | D:3      | Noticed a black bear
  1372 | D:2      | Killed a black bear
  1372 | D:2      | Reached skill level 5 in Long Blades
  1372 | D:2      | Gained mutation: You are surrounded by a mild repulsion field. (EV +2) [demonic ancestry]
  1372 | D:2      | Reached XP level 5. HP: 5/41 MP: 5/5
  2115 | D:3      | Found an opulent altar of Gozag.
  2417 | D:4      | Found a white marble altar of Elyvilon.
  2470 | D:4      | Noticed Eustachio
  2492 | D:4      | Killed Eustachio
  2492 | D:4      | Reached skill level 6 in Long Blades
  2492 | D:4      | Gained mutation: You are surrounded by a moderate repulsion field. (EV +3) [demonic ancestry]
  2492 | D:4      | Reached XP level 6. HP: 29/47 MP: 6/6
  2534 | D:4      | Noticed SedStubbie's ghost (amateur OpEE)
  2808 | D:4      | Found Ceud's General Store.
  3081 | D:4      | Found a hide-covered altar of Uskayaw.
  3091 | D:4      | Reached skill level 7 in Long Blades
  3091 | D:4      | Gained mutation: You are surrounded by a strong repulsion field. (EV +4, RMsl) [demonic ancestry]
  3091 | D:4      | Reached XP level 7. HP: 29/52 MP: 7/7
  3301 | D:4      | Killed SedStubbie's ghost
  3315 | D:4      | Found a glowing silver altar of Zin.
  3315 | D:4      | Found an iron altar of Okawaru.
  3315 | D:4      | Found a shimmering altar of Xom.
  3512 | D:5      | Entered Level 5 of the Dungeon
  3575 | D:5      | Noticed tidbits's ghost (amateur GnWn)
  3603 | D:5      | Reached skill level 1 in Dodging
  3617 | D:5      | HP: 1/52 [tidbits's ghost (12)]
  3618 | D:5      | Slain by tidbits's ghost

Skill      XL: |  1  2  3  4  5  6  7 |
---------------+----------------------+-----
Long Blades    | 2 3 5 6 7 |  7.7
Armour         | 3 |  3.0
Dodging        | 1 |  1.1
Shields        | 3 |  3.0
Fighting       | |  3.4

Action                   |  1- 3 |  4- 6 |  7- 9 || total
-------------------------+-------+-------+-------++-------
Melee: Long sword        |    93 |   110 |    75 ||   278
  Use: Potion            |       |     1 |       ||     1
       Scroll            |       |     3 |       ||     3
  Eat: Chunk             |       |     3 |     2 ||     5
       Ration            |       |     1 |       ||     1
Armor: Scale mail        |    40 |    33 |    32 ||   105
Dodge: Dodged            |    17 |    41 |    26 ||    84
       Deflected         |       |       |     1 ||     1
Block: Shield            |    39 |    56 |    31 ||   126
       Rpst.: Long sword |     4 |    12 |     3 ||    19
